 Dungeon Crawl Stone Soup version 0.26-a0-79-g47e9afce7f (webtiles) character file.

Game seed: 16923925021591931081

723 bmfx the Grave Robber (level 7, -3/32 HPs)
             Began as a Vine Stalker Necromancer on June 15, 2020.
             Slain by an orc priest
             ... wielding a +0 flail
              (4 damage)
             ... on level 4 of the Dungeon.
             The game lasted 00:15:01 (4994 turns).

bmfx the Grave Robber (Vine Stalker Necromancer)    Turns: 4994, Time: 00:15:02

Health: -3/32      AC:  7    Str: 13    XL:     7   Next: 71%
Magic:  0/13       EV:  9    Int: 15    God:
Gold:   176        SH:  0    Dex: 14    Spells: 9/13 levels left

rFire    . . .     SeeInvis .   v - +2 dagger (venom)
rCold    . . .     Gourm    .   (no shield)
rNeg     . . .     Faith    .   u - +0 scale mail
rPois    .         Spirit   +   d - +0 helmet
rElec    .         Reflect  .   (no cloak)
rCorr    .         Harm     .   (no gloves)
MR       .....                  (no boots)
Stlth    +.........             (no amulet)
HPRegen  0.50/turn              (no ring)
MPRegen  0.13/turn              (no ring)

@: no status effects
A: fangs 2, regeneration 1, magic shield, antimagic bite, no potion heal 3, rot
immunity
a: no special abilities


You were on level 4 of the Dungeon.
You were not hungry.

You visited 1 branch of the dungeon, and saw 4 of its levels.

You collected 176 gold pieces.


Innate Abilities, Weirdness & Mutations

You have extremely sharp teeth.
Your natural rate of healing is unusually fast.
When hurt, damage is shared between your health and your magic reserves.
Your bite disrupts and absorbs the magic of your enemies.
Potions cannot restore your health.
You are immune to rotting.

Dungeon Overview and Level Annotations

Branches:
Dungeon (4/15)
 Temple: D:4-7

Altars:
Dithmenos
Gozag
Hepliaklqana
Qazlal
Wu Jian

Annotations:
D:2 1 runed translucent door, Crazy Yiuf


   Skills:
 - Level 3.5 Short Blades
 - Level 1.5 Dodging
 - Level 2.4 Stealth
 - Level 3.8 Spellcasting
 - Level 5.1 Necromancy
 + Level 4.8 Evocations


You had 9 spell levels left.
You knew the following spells:

 Your Spells              Type           Power        Failure   Level  Hunger
A - Pain                  Necr           ###.         11%         1    None
B - Vampiric Draining     Necr           ###.......   32%         3    ###....

Your spell library contained the following spells:

 Spells                   Type           Power        Failure   Level  Hunger
 Animate Skeleton         Necr           N/A          11%         1    None
 Animate Dead             Necr           N/A          73%         4    ####...
 Agony                    Necr           ###.....     97%         5    ######.

Action                   |  1- 3 |  4- 6 |  7- 9 || total
-------------------------+-------+-------+-------++-------
Melee: Short sword       |    88 |   238 |    27 ||   353
       Bite              |    18 |    55 |    25 ||    98
       Dagger            |       |       |    90 ||    90
Throw: Stone             |     4 |     1 |       ||     5
 Cast: Pain              |    28 |    11 |     4 ||    43
       Vampiric Draining |     1 |       |       ||     1
Evoke: Wand              |       |     4 |     4 ||     8
  Use: Scroll            |     4 |     7 |       ||    11
       Potion            |       |     1 |       ||     1
 Stab: Sleeping          |       |     1 |       ||     1
  Eat: Chunk             |     5 |     6 |     3 ||    14
Armor: Robe              |     7 |       |       ||     7
       Ring mail         |    24 |    49 |       ||    73
       Scale mail        |       |    26 |    26 ||    52
Dodge: Dodged            |    52 |    87 |    42 ||   181

Skill      XL: |  1  2  3  4  5  6  7 |
---------------+----------------------+-----
Short Blades   | 1 2 3 |  3.5
Spellcasting   | 3 |  3.8
Necromancy     | 5 |  5.1
Evocations     | 2 4 |  4.8
Dodging        | |  1.5
Stealth        | |  2.4

Inventory:

Hand Weapons
 e - a +1 dagger of speed
 f - a +1 vampiric short sword
 h - a +2 hunting sling of flaming
 o - a +4 long sword of electrocution
 v - a +2 dagger of venom (weapon)
Missiles
 g - 114 stones (quivered)
 j - 24 sling bullets
 k - 4 atropa-tipped darts
Armour
 d - a +0 helmet (worn)
 n - a +0 chain mail
 u - a +0 scale mail (worn)
Jewellery
 a - an uncursed amulet of faith
Wands
 s - a wand of disintegration (11)
 t - a wand of digging (6)
Scrolls
 b - a scroll of magic mapping
 l - a scroll of immolation
 p - a scroll of blinking {@r2}
Potions
 i - a potion of brilliance {unknown}
 q - a potion of curing {@q2}
 r - 3 potions of magic {unknown}
Comestibles
 c - 7 rations
 m - 10 chunks of flesh {@w1}

.. #'# # #. #.# # #.
#.# # ###.### ##.##
#..o..# ##...##
#.....#####.....#
#.....)).o##)..##
#.....###o###.#####.#.#
#.....# #@oo..........#
####### #####.#####....
#.# # #.# #.# #.# ##.#
###### #..#### #....#
#'#...#######


You could see 3 orc priests and an orc wizard.

Vanquished Creatures
  An ogre (D:4)
  A howler monkey (D:4)
  2 orc priests (D:4)
  2 iguanas
  Ijyb (D:3)
  Natasha (thrice) (D:3)
  4 orc wizards
  A worker ant (D:4)
  A hound skeleton (D:4)
  Robin (D:3)
  3 gnolls (D:4)
  8 adders
  2 oozes (D:4)
  A worm (D:3)
  4 dart slugs
  16 orcs
  4 giant cockroaches
  17 goblins
  6 hobgoblins
  5 jackals
  10 kobolds
  A quokka (D:4)
  2 ball pythons (D:1)
  A ball python skeleton (D:4)
  6 bats
  3 frilled lizards
  A jackal skeleton (D:4)
  A quokka skeleton (D:4)
  5 rats
113 creatures vanquished.

Levels and vault maps discovered:
D:1:      roderic_chinese_lattice_arrival, layout_loops_cross
D:2:      layout_basic, lemuel_coloured_pillars_altar, grunt_qazlal_clouds,
          serial_bayou_pond_b, uniq_crazy_yiuf_cottage
D:3:      layout_loops_cross, overflow_temple_1_default,
          grunt_gozag_breadcrumbs, uniq_natasha, uniq_ijyb, uniq_robin
D:4:      layout_loops_corners, kennysheep_mini


Message History

The orc priest looks as sick as possible!
Your bite misses the orc priest.
The orc priest is severely wounded.
The orc priest hits you with a +0 flail.
* * * LOW HITPOINT WARNING * * *
You hit the orc priest but do no damage.
The orc priest looks as sick as possible!
Your bite misses the orc priest.
The orc priest is severely wounded.
The orc priest invokes the aid of Beogh against you.
Pain shoots through your body!
* * * LOW HITPOINT WARNING * * *
The orc priest invokes the aid of Beogh against you.
Beogh smites you!
* * * LOW HITPOINT WARNING * * *
You hit the orc priest. You bite the orc priest. You drain its power.
You feel invigorated.
The orc priest is heavily wounded.
The orc priest hits you with a +0 flail.
You die...

Notes
Turn   | Place    | Note
-------+----------+-------------------------------------------
     0 | D:1      | bmfx the Vine Stalker Necromancer began the quest for the
                  | Orb.
     0 | D:1      | Reached XP level 1. HP: 9/9 MP: 4/4
   422 | D:1      | Reached XP level 2. HP: 11/13 MP: 2/6
  1264 | D:1      | Reached skill level 1 in Short Blades
  1264 | D:1      | Reached XP level 3. HP: 14/16 MP: 8/8
  1312 | D:1      | Learned a level 3 spell: Vampiric Draining
  2266 | D:3      | Gained mutation: Your natural rate of healing is unusually
                  | fast. [Vine Stalker growth]
  2266 | D:3      | Reached XP level 4. HP: 21/21 MP: 9/9
  2279 | D:3      | Found an opulent altar of Gozag.
  2429 | D:3      | Found an ornate altar of the Wu Jian Council.
  2694 | D:2      | Found a stormy altar of Qazlal.
  2816 | D:2      | Found a hazy altar of Hepliaklqana.
  2879 | D:2      | Found a runed translucent door.
  2880 | D:2      | Noticed Crazy Yiuf
  3086 | D:3      | Noticed Robin
  3097 | D:3      | Reached XP level 5. HP: 22/24 MP: 7/10
  3113 | D:3      | Killed Robin
  3480 | D:3      | Noticed Ijyb
  3507 | D:3      | Killed Ijyb
  3668 | D:4      | Reached skill level 5 in Necromancy
  3668 | D:4      | Reached XP level 6. HP: 27/28 MP: 9/12
  4100 | D:3      | Reached XP level 7. HP: 32/32 MP: 13/13
  4100 | D:3      | Noticed Natasha
  4232 | D:3      | Killed Natasha
  4363 | D:3      | Noticed Natasha
  4374 | D:3      | Killed Natasha
  4487 | D:3      | Found an ornate altar of the Wu Jian Council.
  4528 | D:3      | Noticed Natasha
  4539 | D:3      | Killed Natasha
  4921 | D:4      | Found a shadowy altar of Dithmenos.
  4993 | D:4      | HP: 1/32 [orc priest/divine providence (6)]
  4994 | D:4      | Slain by an orc priest
